AoeStats
← [CL] Al3jandr0.magn00

Arabia

505557733Analyzed
1v1 RM · 22d ago on Sep 10, 2026· 43m 44s· 2 players
Game mode
Random Map
Map size
Tiny (2 player)
Population
200
Speed
Normal
Resources
Standard
Victory
Conquest
Starting age
Dark Age
Ending age
Imperial Age
RankedLock teamsTeams togetherTeam positionsShared explorationLock speedFull tech treeHidden civsTurbo modeCheats
Victory
Defeat
🇧🇷 Tupi · Brazil
1871
+19
🇦🇷 Dravidians · Argentina
1946
-19
Jeffin
8:16 Loom
10:53 Feudal Age
10:55 Champi Runner
15:13 Fletching
20:06 Horse Collar
20:14 Double-Bit Axe
21:20 Padded Archer Armor
21:44 Town Watch
24:59 Castle Age
25:00 Horse Collar
25:20 Elite Skirmisher
25:22 Crossbowman
25:58 Bodkin Arrow
27:10 Bow Saw
31:29 Wheelbarrow
34:31 Ballistics
34:14 Gold Mining
36:39 Leather Archer Armor
36:26 Heavy Plow
40:51 Imperial Age
39:28 Champi Warrior
40:09 Squires
40:10 Scale Mail Armor
41:12 Hand Cart
40:46 Arson
41:36 Chain Mail Armor
41:54 Conscription
41:17 Elite Champi Warrior
43:07 Plate Mail Armor
43:08 Forging
43:54 Murder Holes
[CL] Al3jandr0.magn00
6:19 Loom
8:56 Feudal Age
9:10 Man-at-Arms
15:34 Arson
18:41 Double-Bit Axe
19:14 Fletching
24:47 Castle Age
23:02 Padded Archer Armor
23:14 Town Watch
23:12 Horse Collar
24:36 Gold Mining
25:25 Bodkin Arrow
25:45 Leather Archer Armor
25:07 Elite Skirmisher
31:43 Ballistics
32:10 Wheelbarrow
41:28 Imperial Age
42:16 Bracer
43:20 Chemistry
43:39 Ring Archer Armor
Connection lost

Rejoining the realm…

Still unreachable

The connection could not be restored.

Session expired

The server has moved on; the page needs a fresh start.